 Dungeon Crawl Stone Soup version 0.29-a0-609-gb56f46d856 (webtiles) character file.

Game seed: 9661389286720703278

125 KristoblXynda the Slasher (level 4, 0/35 HPs)
             Began as a Demonspawn Gladiator on June 16, 2022.
             Slain by a jelly (3 damage)
             ... on level 4 of the Dungeon.
             The game lasted 00:02:13 (3353 turns).

KristoblXynda the Slasher (Demonspawn Gladiator)    Turns: 3353, Time: 00:02:14

Health: 0/35       AC: -8    Str: 21    XL:     4   Next: 82%
Magic:  4/4        EV: 13    Int:  9    God:
Gold:   174        SH:  0    Dex: 18    Spells: 3/3 levels left

rFire   . . .      SeeInvis .   e - +2 falchion (vorpal)
rCold   . . .      Faith    .   (no shield)
rNeg    . . .      Spirit   .   b - +0 leather armour
rPois   .          Reflect  .   c - +0 helmet
rElec   .          Harm     .   (no cloak)
rCorr   .          Rampage  .   (no gloves)
Will    .....                   (no boots)
Stlth   ++........              (no amulet)
HPRegen 0.11/turn               h - +6 ring of strength
MPRegen 0.09/turn               (no ring)

@: corroded
A: hooves 1, thin skeletal structure 1
a: no special abilities


You were on level 4 of the Dungeon.
You visited 1 branch of the dungeon, and saw 4 of its levels.

You collected 174 gold pieces.

Inventory:

Hand Weapons
 a - a +0 long sword
 e - a +2 vorpal falchion (weapon)
Missiles
 d - 3 throwing nets (quivered)
 k - 3 javelins
Armour
 b - a +0 leather armour (worn)
 c - a +0 helmet (worn)
Jewellery
 h - a +6 ring of strength (left hand)
Scrolls
 g - 9 scrolls of identify {unknown}
 m - a scroll of teleportation {unknown}
 o - a scroll of magic mapping {unknown}
 p - a scroll of amnesia {unknown}
 r - a scroll of enchant armour {unknown}
Potions
 f - a potion of attraction {unknown}
 i - a potion of mutation {unknown}
 j - 2 potions of heal wounds {unknown}
 l - a potion of lignification {unknown}
 n - a potion of brilliance {unknown}
 q - a potion of curing


   Skills:
 + Level 3.0 Fighting
 * Level 3.9 Long Blades
 - Level 2.0 Throwing
 + Level 3.4 Dodging


You had 3 spell levels left.
You didn't know any spells.
Your spell library contained the following spells:

 Spells                   Type           Power      Damage    Failure   Level
 Apportation              Tloc           0%         N/A       43%         1
 Necrotize                Necr           0%         1d4       43%         1
 Sandblast                Erth           0%         2d4       43%         1
 Ensorcelled Hibernation  Hex/Ice        0%         N/A       56%         2
 Passwall                 Tmut/Erth      0%         N/A       56%         2
 Stone Arrow              Conj/Erth      0%         3d7       80%         3
 Swiftness                Air            0%         N/A       80%         3
 Vampiric Draining        Necr           0%         2d6       80%         3
 Agony                    Necr           0%         N/A       100%        5
 Alistair's Intoxication  Tmut/Pois      0%         N/A       100%        5


Dungeon Overview and Level Annotations

Branches:
Dungeon (4/15)
 Temple: D:4-7

Altars:


Innate Abilities, Weirdness & Mutations

You have large cloven feet.
You have a somewhat thin skeletal structure. (Dex +2, Stealth+)


Message History

There is an open door here.
You now have 174 gold pieces (gained 10).
There is an open door here.
There is an open door here.
You open the door.
A jelly comes into view.
A jelly is nearby!
A jelly is nearby!
There is an open door here.
The jelly quivers.
The jelly closely misses you.
You hit the jelly. The acid corrodes you!
Your hands burn!
You kick the jelly, but do no damage. You punch the jelly, but do no damage.
The jelly is heavily wounded.
The jelly hits you.
You are splashed with acid!
You hit the jelly. The acid corrodes you!
Your hands burn!
You kick the jelly, but do no damage.
The jelly is severely wounded.
The jelly hits you. The acid corrodes you!
You are splashed with acid!
* * * LOW HITPOINT WARNING * * *
You are too injured to fight recklessly!
You are too injured to fight recklessly!
You are too injured to fight recklessly!
You are too injured to fight recklessly!
You are too injured to fight recklessly!
You are too injured to fight recklessly!
You are too injured to fight recklessly!
You are too injured to fight recklessly!
You are too injured to fight recklessly!
You are too injured to fight recklessly!
You are too injured to fight recklessly!
A jelly is nearby!
Unknown command.
There is an open door here.
The jelly attacks as you move away! The jelly hits you.
* * * LOW HITPOINT WARNING * * *
You are splashed with acid!
* * * LOW HITPOINT WARNING * * *
The jelly attacks as you move away! The jelly hits you.
You die...

#.#
#.############################
#.'......#...................#
#.#......#...................#
#.#......#...................#
#.##.##..##.##########'##########
#.##+###'##.##...###...##...#....
#......................#....#....
#...............@J.....#....#....
#......................#....#....
#.##.####...###..#########..#....
#########...#########..###..##...
#.......#....................'...
........#....................#...
........#....................#)..
..##...##.##.##.##.###########...
..##...##.##.##.##.###...........


You could see a jelly.

Vanquished Creatures
  An orc priest (D:3)
  An orc wizard (D:3)
  2 adders (D:3)
  2 worms (D:3)
  2 dart slugs
  4 orcs (D:3)
  5 bats
  6 endoplasms
  A goblin (D:2)
  4 hobgoblins
  3 jackals (D:1)
  3 kobolds
  3 ball pythons
  A frilled lizard (D:3)
  A rat (D:3)
39 creatures vanquished.

Notes
Turn   | Place    | Note
-------+----------+-------------------------------------------
     0 | D:1      | KristoblXynda the Demonspawn Gladiator began the quest for
                  | the Orb.
     0 | D:1      | Reached XP level 1. HP: 16/16 MP: 1/1
   334 | D:1      | Gained mutation: You have large cloven feet. [demonic
                  | ancestry]
   334 | D:1      | Reached XP level 2. HP: 22/22 MP: 2/2
  1834 | D:3      | Reached XP level 3. HP: 28/28 MP: 3/3
  2543 | D:3      | Gained mutation: You have a somewhat thin skeletal
                  | structure. (Dex +2, Stealth+) [demonic ancestry]
  2543 | D:3      | Reached XP level 4. HP: 17/34 MP: 4/4
  3353 | D:4      | Slain by a jelly

Illustrated notes

Levels and vault maps discovered:
D:1:      scummos_arrival_star, layout_loops_ring, chequers_decorated_corner,
          minmay_misc_feat_tiny
D:2:      layout_basic, minmay_tetromino_s4
D:3:      layout_loops_ring, kennysheep_generic_room_12
D:4:      layout_gridville, nicolae_overflow_hidden_temple

Skill      XL: |  1  2  3  4 |
---------------+-------------+-----
Throwing       | 2 |  2.0
Long Blades    | 3 |  3.9
Dodging        | 3 |  3.4
Fighting       | 3 |  3.0

Action                   |  1- 3 |  4- 6 || total
-------------------------+-------+-------++-------
Melee: Long sword        |    84 |     2 ||    86
       Kick              |    15 |     3 ||    18
       Falchion          |       |     6 ||     6
       Punch             |       |     1 ||     1
Throw: Javelin           |     3 |       ||     3
  Use: Potion            |     3 |       ||     3
 Stab: Sleeping          |     3 |       ||     3
Armor: Leather armour    |    17 |       ||    17
Dodge: Dodged            |    67 |     3 ||    70

Table legend: (Time is in decaauts)
 A = Elapsed time spent in this place.
 B = Non-inter-level travel time spent in this place.
 C = Inter-level travel time spent in this place.
 D = Time resting spent in this place.
 E = Time spent auto-exploring this place.
 F = Levels seen in this place.
 G = Mean time per level.
                   A        B        C        D        E       F      G
               +--------+--------+--------+--------+--------+-----+--------+
         Total |   3373 |   3314 |     59 |   1018 |   2010 |   4 |  843.2 |
       Dungeon |   3373 |   3314 |     59 |   1018 |   2010 |   4 |  843.2 |
               +--------+--------+--------+--------+--------+-----+--------+

Top non-repeatable levels by time:
     D:3: 1803 daAuts
     D:1: 912 daAuts
     D:2: 479 daAuts
     D:4: 177 daAuts
